 Dungeon Sprint DCSS version 0.30.1-9-gdf580d7c3d (webtiles) character file.

Game seed: 10472982515572154000

113 Heoruswealwe the Spear-Bearer (level 4, -11/45 HPs)
             Began as a Minotaur Fighter on Oct 11, 2023.
             Mangled by a wyvern (14 damage)
             ... in the Dungeon (Sprint IX: "|||||||||||||||||||||||||||||").
             The game lasted 00:00:55 (115 turns).

Heoruswealwe the Spear-Bearer (Minotaur Fighter)     Turns: 115, Time: 00:00:55

Health: -11/45     AC:  7    Str: 22    XL:     4   Next: 65%
Magic:  3/3        EV:  9    Int:  5    God:
Gold:   0          SH:  4    Dex: 10    Spells: 3/3 levels left

rFire   . . .        a - +0 trident
rCold   . . .        d - +0 buckler
rNeg    . . .        c - +0 scale mail
rPois   .            (helmet restricted)
rElec   .            (no cloak)
rCorr   .            (no gloves)
SInv    .            (no boots)
Will    .....        (no amulet) Stlth
                     (no ring)
HPRegen 0.27/turn    (no ring)
MPRegen 0.08/turn

%: no teleportation
@: no status effects
A: horns 2, retaliatory headbutt
a: no special abilities


You were in the Dungeon.
You visited 1 branch

Inventory:

Hand Weapons
 a - a +0 trident (weapon)
Armour
 c - a +0 scale mail (worn)
 d - a +0 buckler (worn)
Jewellery
 m - a +2 ring of evasion
 n - a +2 ring of protection
Wands
 l - a wand of light (10)
Scrolls
 j - 2 scrolls of blinking
 k - 2 scrolls of amnesia
Potions
 b - a potion of might
 e - 5 potions of curing
 f - 3 potions of heal wounds
 g - a potion of haste
 h - a potion of invisibility
 i - a potion of berserk rage


   Skills:
 + Level 6.6 Fighting
 * Level 8.2 Polearms
 + Level 6.6 Armour
 - Level 3.6 Shields


You had 3 spell levels left.
You didn't know any spells.
Your spell library was empty.

Dungeon Overview and Level Annotations

Branches:
Dungeon (1/1)

Altars:
Cheibriados
Dithmenos
Elyvilon
Fedhas
Gozag
Hepliaklqana
Kikubaaqudgha
Makhleb
Nemelex Xobeh
Okawaru
Qazlal
Ru
Sif Muna
Trog
Uskayaw
Vehumet
Wu Jian
Xom
Yredelemnul
Zin
The Shining One
Jiyva
Lugonu


Innate Abilities, Weirdness & Mutations

You have a pair of horns on your head.
You reflexively headbutt those who attack you in melee.


Message History

You hit the orc wizard. Your headbutt misses the orc wizard.
The orc wizard is severely wounded.
The orc wizard barely misses you.
You bump into the unnaturally hard rock wall.
The orc wizard hits you with a +0 dagger.
The kobold demonologist miscasts a cantrip.
You bump into the unnaturally hard rock wall.
The kobold demonologist casts a spell.
The orc wizard hits you but does no damage.
You barely miss the orc wizard. Your headbutt misses the orc wizard.
The orc wizard is severely wounded.
The orc wizard hits you but does no damage.
You bump into the unnaturally hard rock wall.
The kobold demonologist casts a spell.
The orc wizard completely misses you.
You bump into the unnaturally hard rock wall.
You feel less confused.
The orc wizard hits you but does no damage.
The white imp grins evilly.
You hit the orc wizard.
The orc wizard is almost dead.
You block the orc wizard's attack.
You barely miss the orc wizard. Your headbutt misses the orc wizard.
The orc wizard is almost dead.
The orc wizard hits you but does no damage.
You puncture the orc wizard!
You kill the orc wizard!
The kobold demonologist mumbles some strange words.
The wyvern bites you!
Your Polearms skill increases to level 8!
You puncture the wyvern!
The wyvern is heavily wounded.
The wyvern bites you!
* * * LOW HITPOINT WARNING * * *
The kobold demonologist looks encouraged for a moment.
You barely miss the wyvern.
You headbutt the wyvern, but do no damage.
The wyvern is heavily wounded.
The wyvern bites you!
You die... ▓▓▓▓▓▓▓▓▓▓▓▓▓▓▓▓▓▓▓▓▓▓▓▓▓ ________'!.).[[[@lKy55.Kh ▓▓▓▓▓▓▓▓▓▓▓▓▓▓▓▓▓▓▓▓▓▓▓▓▓

You could see a kobold demonologist, a wyvern, a kobold brigand, a killer bee, an iron imp (summoned) and a white imp (summoned).

Vanquished Creatures
  A hound (D)
  2 iguanas (D)
  An orc wizard (D)
  A dart slug (D)
  2 orcs (D)
  3 bats (D)
  A goblin (D)
11 creatures vanquished.

Notes
Turn   | Place    | Note
-------+----------+-------------------------------------------
     0 | D        | Heoruswealwe the Minotaur Fighter began the quest for the
                  | Orb.
     0 | D        | Reached XP level 1. HP: 19/19 MP: 0/0
    10 | D        | Reached skill level 3 in Polearms
    17 | D        | Reached skill level 4 in Polearms
    24 | D        | Noticed a hound
    24 | D        | Noticed an iguana
    24 | D        | Noticed an iguana
    28 | D        | Killed a hound
    29 | D        | Reached skill level 5 in Fighting
    29 | D        | Reached skill level 5 in Polearms
    29 | D        | Reached skill level 5 in Armour
    29 | D        | Reached XP level 2. HP: 24/29 MP: 1/1
    29 | D        | Reached XP level 3. HP: 30/36 MP: 2/2
    39 | D        | Reached skill level 6 in Polearms
    43 | D        | Reached skill level 7 in Polearms
    43 | D        | Reached XP level 4. HP: 15/44 MP: 3/3
    57 | D        | Found a snail-covered altar of Cheibriados.
    57 | D        | Found a shadowy altar of Dithmenos.
    57 | D        | Found a white marble altar of Elyvilon.
    57 | D        | Found a blossoming altar of Fedhas.
    57 | D        | Found an opulent altar of Gozag.
    58 | D        | Found a hazy altar of Hepliaklqana.
    59 | D        | Found a viscous altar of Jiyva.
    60 | D        | Found an ancient bone altar of Kikubaaqudgha.
    61 | D        | Found a corrupted altar of Lugonu.
    62 | D        | Found a burning altar of Makhleb.
    63 | D        | Found a sparkling altar of Nemelex Xobeh.
    64 | D        | Found an iron altar of Okawaru.
    65 | D        | Found a stormy altar of Qazlal.
    66 | D        | Found a sacrificial altar of Ru.
    67 | D        | Found a shimmering blue altar of Sif Muna.
    68 | D        | Found a bloodstained altar of Trog.
    69 | D        | Found a hide-covered altar of Uskayaw.
    70 | D        | Found a radiant altar of Vehumet.
    71 | D        | Found an ornate altar of the Wu Jian Council.
    72 | D        | Found a shimmering altar of Xom.
    73 | D        | Found a basalt altar of Yredelemnul.
    74 | D        | Found a glowing silver altar of Zin.
    75 | D        | Found a glowing golden altar of the Shining One.
   101 | D        | Noticed a wyvern
   101 | D        | Noticed a kobold brigand
   101 | D        | Noticed a kobold demonologist
   114 | D        | Reached skill level 8 in Polearms
   115 | D        | Mangled by a wyvern

Illustrated notes

Levels and vault maps discovered:
D:        linesprint [early_d, line_temple, items_1, d_10, items_2, lair_1,
          lair_end, items_3, orc_1, orc_end, items_4, d_15, swamp_1, shoals_1,
          snake_1, spider_1, d_20, vaults_1, items_5, swamp_end, shoals_end,
          snake_end, spider_end, vaults_end, d_27, items_6, zot_1, zot_end,
          crypt_end, forest_end, elf_end, slime_end, tomb_end, abyss_end,
          pan_hell_end]

Skill      XL: |  1  2  3  4 |
---------------+-------------+-----
Polearms       | 5 7 8 |  8.2
Fighting       | 5 6 |  6.6
Armour         | 5 6 |  6.6
Shields        | |  3.6

Action                     |  1- 3 |  4- 6 || total
---------------------------+-------+-------++-------
  Melee: Trident           |    27 |    15 ||    42
         Headbutt          |     2 |     2 ||     4
 Armour: Scale mail        |    11 |     7 ||    18
  Dodge: Dodged            |    12 |     2 ||    14
  Block: Buckler           |     8 |     2 ||    10
